 Dungeon Crawl Stone Soup version 0.25-a0-1126-g5fd7b56c60 (webtiles) character file.

Game seed: 18032349629231272048, levelgen mode: deterministic

2176 Essalna the Firebug (level 9, -7/54 HPs)
             Began as a Gargoyle Fire Elementalist on May 19, 2020.
             Was a Follower of Vehumet.
             Mangled by a two-headed ogre
             ... wielding a +0 giant club
              (22 damage)
             ... on level 6 of the Dungeon.
             The game lasted 00:21:37 (7314 turns).

Essalna the Firebug (Gargoyle Fire Elementalist)    Turns: 7314, Time: 00:21:38

Health: -7/54      AC: 12    Str: 13    XL:     9   Next: 32%
Magic:  16/16      EV: 12    Int: 18    God:    Vehumet [*.....]
Gold:   195        SH:  0    Dex: 10    Spells: 5/18 levels left

rFire    + . .     SeeInvis .   f - +0 dagger (elec)
rCold    + . .     Gourm    .   (no shield)
rNeg     + . .     Faith    .   o - +2 robe {rC+}
rPois    ∞         Spirit   .   (no helmet)
rElec    +         Reflect  .   (no cloak)
rCorr    +         Harm     .   l - +0 pair of gloves
MR       .....                  (no boots)
Stlth    ++........             (no amulet)
HPRegen  0.18/turn              d - ring of protection from fire
MPRegen  0.15/turn              k - ring of resist corrosion

@: no status effects
A: negative energy resistance 1, electricity resistance, unbreathing,
petrification resistance, rot immunity, AC +6
a: Renounce Religion


You were on level 6 of the Dungeon.
You worshipped Vehumet.
Vehumet was aware of your devotion.
You were hungry.

You visited 1 branch of the dungeon, and saw 7 of its levels.

You collected 195 gold pieces.

Inventory:

Hand Weapons
 e - a +0 dagger
 f - a +0 dagger of electrocution (weapon)
 j - the +1 dagger of Gicup {speed, rPois MP-9 Str+6 SInv}
   (You found it on level 4 of the Dungeon)

   Attacks with this weapon are significantly faster.
   It affects your strength (+6).
   It protects you from poison.
   It affects your magic capacity (-9).
   It lets you see invisible.
Armour
 a - a +1 robe
 l - a +0 pair of gloves (worn)
 o - a +2 robe of cold resistance (worn)
 s - a +4 chain mail of fire resistance
Magical Staves
 b - an uncursed staff of fire
Jewellery
 d - a ring of protection from fire (left hand)
 k - a ring of resist corrosion (right hand)
 B - a +6 ring of strength {unknown}
Wands
 u - a wand of polymorph (5)
Scrolls
 m - a scroll of fear
 n - a scroll of enchant armour
 p - 3 scrolls of remove curse
 q - 4 scrolls of identify
 r - a scroll of magic mapping {unknown}
 t - a scroll of random uselessness {unknown}
 v - a scroll of immolation {unknown}
 x - a scroll of blinking {unknown}
 y - 4 scrolls of teleportation
 z - a scroll of vulnerability {unknown}
 A - a scroll of enchant weapon
Potions
 g - 3 potions of curing
 h - 2 potions of flight
 i - a potion of berserk rage
 w - a potion of stabbing {unknown}
 C - a potion of brilliance {unknown}
Comestibles
 c - 14 rations


   Skills:
 + Level 5.3 Fighting
 + Level 5.4 Armour
 - Level 2.0 Dodging
 - Level 3.0 Stealth
 + Level 5.2 Spellcasting
 + Level 5.9 Conjurations
 + Level 6.1 Fire Magic


You had 5 spell levels left.
You knew the following spells:

 Your Spells              Type           Power        Failure   Level  Hunger
a - Foxfire               Conj/Fire      ####         1%          1    None
b - Inner Flame           Hex/Fire       ###.....     11%         3    ##.....
c - Sticky Flame          Conj/Fire      ####....     11%         4    ####...
d - Fireball              Conj/Fire      ####......   30%         5    ######.

Your spell library contained the following spells:

 Spells                   Type           Power        Failure   Level  Hunger
 Shock                    Conj/Air       ###.         3%          1    None
 Conjure Flame            Conj/Fire      ####....     3%          3    ##.....
 Animate Skeleton         Necr           N/A          13%         1    None
 Pain                     Necr           #...         13%         1    None
 Vampiric Draining        Necr           #.........   36%         3    ##.....
 Animate Dead             Necr           N/A          78%         4    ####...
 Agony                    Necr           #.......     98%         5    ######.


Dungeon Overview and Level Annotations

Branches:
Dungeon (7/15)             Temple (0/1) D:5

Altars:
Dithmenos
Elyvilon
Fedhas
Gozag
Hepliaklqana
Makhleb
Nemelex Xobeh
Qazlal
Ru
Trog
Uskayaw
Vehumet
Xom

Annotations:
D:7 2 transporters, Harbin's ghost, novice DsMo


Innate Abilities, Weirdness & Mutations

You are resistant to torment.
Your stone body is resilient. (AC +6)
You are immune to poison.
You resist negative energy. (rN+)
You are resistant to electric shocks. (rElec)
You can survive without breathing.
You are immune to petrification.
You are immune to rotting.


Message History

You see here 19 arrows.
You are feeling hungry.
The worker ant twitches its antennae in your direction.
The hippogriff screeches!
The worker ant waves its antennae.
There is a transporter landing site here.
The worker ant waves its antennae.
Partly explored, unvisited transporter.
Partly explored, unvisited transporter.
You see here a great mace.
There is a stone staircase leading up, spattered with blood here.
Items here: ( )))))
You climb upwards.
The two-headed ogre hits you with a +0 giant club.
The two-headed ogre hits you with a +0 giant club!
There is a stone staircase leading down here.
The two-headed ogre hits you with a +0 giant club!!
* * * LOW HITPOINT WARNING * * *
The two-headed ogre hits you with a +0 giant club!!
You die...

####### #.....# ##
#.....# .# #.....#
.# #.(...# .##
#.....# ..#
......#
#############?.###
#.#####
#@O...............
....#
############%#####
#.#.# #......
..#.# #?#####
###.#.# #O#
....#.## ..#.#
##..#.?. ..#.#
....#.. ..
#.#.##### ##.##..
F.. #.#......


You could see a two-headed ogre.

Vanquished Creatures
  A hippogriff (D:7)
  Eustachio (D:4)
  Duvessa (D:4)
  An ice beast (D:4)
  3 ogres
  A sky beast (D:5)
  A necrophage (D:7)
  2 centaurs
  Blork the orc (D:4)
  A big kobold (D:7)
  Dowan (D:4)
  A scorpion (D:5)
  A howler monkey (D:5)
  3 crimson imps
  2 jellies
  3 orc wizards
  5 orc priests
  2 hounds
  4 worker ants
  A hound skeleton (D:5)
  7 adders
  4 gnolls
  A shadow imp (D:5)
  5 oozes
  An adder zombie (D:5)
  An adder skeleton (D:4)
  3 worms
  2 dart slugs
  3 leopard geckos
  16 orcs
  A ball python (D:1)
  2 giant cockroaches
  6 goblins
  8 hobgoblins
  3 quokkas
  7 bats
  A frilled lizard (D:3)
  14 kobolds
  A quokka zombie (D:5)
  6 rats
128 creatures vanquished.

Vanquished Creatures (collateral kills)
  A frilled lizard (D:1)
  A goblin (D:3)
2 creatures vanquished.

Vanquished Creatures (others)
  A worm (D:3)
  A ball python (D:3)
  392 foxfires
394 creatures vanquished.

Grand Total: 524 creatures vanquished

Notes
Turn   | Place    | Note
-------+----------+-------------------------------------------
     0 | D:1      | Essalna the Gargoyle Fire Elementalist began the quest for
                  | the Orb.
     0 | D:1      | Reached XP level 1. HP: 10/10 MP: 3/3
   258 | D:1      | Reached XP level 2. HP: 15/15 MP: 0/5
   762 | D:1      | Reached XP level 3. HP: 15/19 MP: 2/6
  1653 | D:2      | Reached XP level 4. HP: 24/24 MP: 2/7
  1715 | D:2      | Found a burning altar of Makhleb.
  1717 | D:2      | Noticed a balrug
  1848 | D:2      | Found an iron altar of Okawaru.
  1886 | D:2      | Found a shimmering altar of Xom.
  1886 | D:2      | Found a shimmering altar of Xom.
  1888 | D:2      | Found a sparkling altar of Nemelex Xobeh.
  1888 | D:2      | Found a shimmering altar of Xom.
  1888 | D:2      | Found a radiant altar of Vehumet.
  2313 | D:3      | Found an opulent altar of Gozag.
  2429 | D:3      | Reached skill level 1 in Fighting
  2429 | D:3      | Reached skill level 1 in Armour
  2429 | D:3      | Reached XP level 5. HP: 29/29 MP: 1/9
  2610 | D:3      | Found a hide-covered altar of Uskayaw.
  2635 | D:3      | Found a radiant altar of Vehumet.
  2660 | D:3      | Became a worshipper of Vehumet
  3131 | D:3      | Found a shadowy altar of Dithmenos.
  3192 | D:3      | Found a sparkling altar of Nemelex Xobeh.
  3516 | D:4      | Noticed an ice beast
  3526 | D:4      | Killed an ice beast
  3526 | D:4      | Reached skill level 4 in Fire Magic
  3526 | D:4      | Reached XP level 6. HP: 28/35 MP: 4/10
  3920 | D:4      | Noticed Eustachio
  3935 | D:4      | Killed Eustachio
  3935 | D:4      | Reached XP level 7. HP: 33/40 MP: 2/12
  4021 | D:4      | Noticed Blork the orc
  4040 | D:4      | Killed Blork the orc
  4140 | D:4      | Found a hazy altar of Hepliaklqana.
  4238 | D:4      | Noticed Duvessa
  4238 | D:4      | Noticed Dowan
  4305 | D:5      | Entered Level 5 of the Dungeon
  4482 | D:5      | Reached XP level 8. HP: 46/46 MP: 8/14
  4583 | D:4      | Found a blossoming altar of Fedhas.
  4583 | D:4      | Found a stormy altar of Qazlal.
  4583 | D:4      | Found a shadowy altar of Dithmenos.
  4583 | D:4      | Found a bloodstained altar of Trog.
  4738 | D:4      | Killed Duvessa
  4738 | D:4      | Reached skill level 5 in Fire Magic
  4740 | D:4      | Killed Dowan
  4888 | D:4      | Got a transparent dagger
  4889 | D:4      | Identified the cursed +1 dagger of Gicup {speed, rPois MP-9
                  | Str+6 SInv} (You found it on level 4 of the Dungeon)
  5287 | D:5      | Found a white marble altar of Elyvilon.
  5611 | D:5      | Reached skill level 5 in Conjurations
  5698 | D:5      | Found a sacrificial altar of Ru.
  5747 | D:5      | Found a staircase to the Ecumenical Temple.
  5750 | D:5      | Noticed a two-headed ogre
  5961 | D:5      | Reached * piety under Vehumet
  5961 | D:5      | Offered knowledge of Shock by Vehumet.
  6218 | D:5      | Learned a level 3 spell: Inner Flame
  6223 | D:5      | Learned a level 4 spell: Sticky Flame
  6483 | D:7      | Reached XP level 9. HP: 53/53 MP: 16/16
  6500 | D:7      | Reached skill level 5 in Spellcasting
  6506 | D:7      | Reached skill level 5 in Armour
  6539 | D:7      | Reached skill level 5 in Fighting
  6539 | D:7      | Reached skill level 6 in Fire Magic
  6627 | D:7      | Found a transporter.
  6627 | D:7      | Found a transporter.
  6642 | D:7      | Noticed Harbin's ghost (novice DsMo)
  6811 | D:7      | Learned a level 5 spell: Fireball
  7314 | D:6      | Mangled by a two-headed ogre

Illustrated notes

Levels and vault maps discovered:
D:1:      lemuel_arrival_river_bridge, layout_basic, minmay_indecisive_spiral
D:2:      layout_rooms, makhleb_altar_promises_db, first_ration,
          columned_hall_lemuel, doesnt_xom_only_xom
D:3:      layout_loops_corners, fiery_altar_vehumet, old_standard_altar,
          lemuel_doored_altar, nemelex_xobeh_ov_fountains_minmay,
          nrook_loot_triangle, grunt_dithmenos_smoke
D:4:      layout_layer_cave, lemuel_round_altar,
          grunt_temple_overflow_cloverleaf, cheibrodos_gnoll_hut, uniq_duvessa,
          uniq_blork_the_orc, uniq_eustachio
D:5:      layout_basic, kennysheep_mini, hangedman_ru_absence,
          minmay_temple_entry_antechambers
D:6:      minmay_recursive_quarters, layout_basic, uniq_pikel,
          uniq_prince_ribbit1
D:7:      layout_loops_ring, gammafunk_ghost_arena

Skill      XL: |  1  2  3  4  5  6  7  8  9 |
---------------+----------------------------+-----
Dodging        | 2 |  2.0
Stealth        | 3 |  3.0
Conjurations   | 2 3 4 5 |  5.9
Fighting       | 1 2 3 4 5 |  5.3
Armour         | 1 2 3 4 5 |  5.4
Spellcasting   | 3 4 5 |  5.2
Fire Magic     | 4 5 6 |  6.1

Action                   |  1- 3 |  4- 6 |  7- 9 || total
-------------------------+-------+-------+-------++-------
Melee: Dagger            |    23 |    47 |   188 ||   258
 Cast: Foxfire           |    61 |    72 |   124 ||   257
  Use: Scroll            |     2 |     5 |     4 ||    11
       Potion            |       |       |     1 ||     1
 Stab: Sleeping          |       |     1 |     1 ||     2
  Eat: Chunk             |     3 |     7 |     7 ||    17
       Ration            |       |       |     1 ||     1
Armor: Robe              |    12 |    30 |    75 ||   117
Dodge: Dodged            |    18 |    42 |   112 ||   172

Table legend:
 A = Non-vault XP
 B = Vault XP
 C = Vault XP percentage of total XP
 D = Non-vault monster count
 E = Vault monster count
 F = Vault count percentage of total count
                 A         B        C        D         E       F
            +---------+---------+-------+---------+---------+-------
      Total |    2381 |     728 |  23.4 |     116 |      14 |  10.8
            +---------+---------+-------+---------+---------+-------
        D:1 |      40 |       6 |  13.0 |      17 |       4 |  19.0
        D:2 |      47 |       0 |   0.0 |      15 |       0 |   0.0
        D:3 |     131 |       0 |   0.0 |      18 |       0 |   0.0
        D:4 |     526 |     564 |  51.7 |      16 |       6 |  27.3
        D:5 |     854 |      40 |   4.5 |      29 |       1 |   3.3
        D:6 |       8 |     118 |  93.7 |       3 |       3 |  50.0
        D:7 |     775 |       0 |   0.0 |      18 |       0 |   0.0
            +---------+---------+-------+---------+---------+-------
